 Dungeon Crawl Stone Soup version 0.29.1-12-g30fa7ad0bf (webtiles) character file.

Game seed: 3666582910604628613

3315 retardedninja the Severer (level 10, -2/123 (129) HPs)
             Began as a Hill Orc Fighter on Dec 15, 2022.
             Slain by a sixfirhy (12 damage)
             ... summoned by an orc sorcerer
             ... in a bailey.
             The game lasted 00:12:27 (9773 turns).

retardedninja the Severer (Hill Orc Fighter)        Turns: 9773, Time: 00:12:28

HP:   -2/123 (129)  AC: 25    Str: 24    XL:     10   Next: 1%
MP:   10/10         EV:  2    Int:  8    God:
Gold: 306           SH:  5    Dex: 10    Spells: 9/9 levels left

rFire   . . .      SeeInvis .   a - +1 war axe
rCold   . . .      Faith    .   c - +0 buckler
rNeg    . . .      Spirit   .   (body armour currently unavailable)
rPois   +          Reflect  .   (helmet currently unavailable)
rElec   .          Harm     .   (cloak currently unavailable)
rCorr   .          Rampage  .   (gloves currently unavailable)
Will    .....      NoTele   +   (boots currently unavailable)
Stlth   +.........              (no amulet)
HPRegen 0.30/turn               (no ring)
MPRegen 0.12/turn               (no ring)

@: brilliant, tree-form (expiring), studying Axes, lightly drained
A: stationary, stasis, torment immunity, boosted hp
a: Convert to Beogh


You were in a bailey.
You were a tree.
You visited 1 branch of the dungeon, and saw 7 of its levels.
You also visited: Bailey.

You collected 418 gold pieces.
You spent 112 gold pieces at shops.

Inventory:

Hand Weapons
 a - a +1 war axe (weapon)
Armour
 c - a +0 buckler (worn)
 d - a +0 plate armour (melded)
 e - a +0 cloak (melded)
 r - a +0 helmet (melded)
 t - a +0 pair of gloves (melded)
Jewellery
 b - a ring of positive energy
 j - a ring of protection from cold
Wands
 x - a wand of iceblast (6) (quivered)
 y - a wand of paralysis (4)
Scrolls
 g - a scroll of immolation
 m - 5 scrolls of blinking
 n - 4 scrolls of teleportation
 o - 2 scrolls of poison
Potions
 i - 3 potions of flight
 s - 2 potions of brilliance


   Skills:
 + Level 7.3 Fighting
 * Level 16.4 Axes
 + Level 8.0 Armour
 - Level 0.2 Dodging
 + Level 5.3 Shields


You had 9 spell levels left.
You didn't know any spells.
Your spell library contained the following spells:

 Spells                   Type           Power      Damage    Failure   Level
 Freeze                   Ice            0%         1d3       50%         1
 Necrotise                Necr           0%         1d4       50%         1
 Sandblast                Erth           0%         2d4       50%         1
 Passwall                 Tmut/Erth      0%         N/A       63%         2
 Conjure Flame            Conj/Fire      0%         6-21      86%         3
 Frozen Ramparts          Ice            0%         1d1       86%         3
 Ignite Poison            Fire/Tmut/Pois 0%         N/A       86%         3
 Stone Arrow              Conj/Erth      0%         3d7       86%         3
 Vampiric Draining        Necr           0%         2d6       86%         3
 Anguish                  Hex/Necr       0%         N/A       99%         4
 Hailstorm                Conj/Ice       0%         3d3       99%         4
 Sticky Flame             Conj/Fire      0%         2d3       99%         4
 Agony                    Necr           0%         N/A       100%        5
 Enfeeble                 Hex            0%         N/A       100%        7


Dungeon Overview and Level Annotations

Branches:
Dungeon (7/15)             Temple (0/1) D:7          Bailey (1/1)

Altars:
Ashenzari
Makhleb
Qazlal
Uskayaw
The Shining One

Shops:
D:4 [   D:5 *[

Annotations:
D:4 1 runed translucent door, Crazy Yiuf
D:5 2 transporters, silentkaos13's ghost, novice DsFi


Message History

Unknown command.
You feel better.
Okay, then.
Aiming: Iceblast
Press: ? - help, Q - select action, (/) - cycle Shift-Dir - straight line The mass of ice explodes!
The iceblast engulfs something!
The iceblast engulfs the orc high priest.
The orc high priest is severely wounded.
The iceblast engulfs you.
The iceblast engulfs the orc sorcerer!
The orc sorcerer is moderately wounded.
The iceblast engulfs the ufetubus!
The ufetubus partially resists.
You kill the ufetubus!
The ufetubus disappears in a puff of smoke!
You cannot fly right now.
You feel clever all of a sudden.
The orc sorcerer gestures wildly while chanting.
Aiming: Paralyse
Press: ? - help, Q - select action, (/) - cycle Shift-Dir - straight line, f - orange demon
Aim: an orange demon (blue smoke, summoned, chance to affect: 17%) Nothing appears to happen.
Your transformation is almost over.
Unknown command.
You cannot move.
You cannot move.
You cannot move.
You barely miss something. You slash something!
The orc high priest shouts, "Beogh is our master!
Accept the truth or die!"
The orc sorcerer points at you and mumbles some strange words.
The bolt of negative energy hits something.
The bolt of negative energy hits you!!
You feel drained.
* * * LOW HITPOINT WARNING * * *
You slash something!
The orange demon stings you but does no damage.
The orc sorcerer casts a spell.
You barely miss something. Something hits you!
* * * LOW HITPOINT WARNING * * *
Something shocks you!
You die...

.......∩........'.#≈≈≈≈≈
.######.######..###≈≈≈≈≈
#! #...#.[[#....#S≈≈≈≈
#...#.[[#))..#≈≈≈≈≈
#8.8###'##'#'#≈≈≈≈≈
#...# .#..#.~≈≈≈≈≈ #8.8#
##..#.~≈≈≈≈≈ #...#
#..#.~≈≈≈≈≈ #)♣.#
#..#.~≈≈≈≈≈ ##{##
#..#.~≈≈≈≈≈


oo4 #)##.~≈≈≈≈≈ .54.. #.)#.~≈≈≈≈≈ ..3.... #8.#.~≈≈≈≈≈ #.. ......... #..#
#.8#############8.# #.....#######.....# #.8...#.....#...8.# You could see an orc
high priest, an orange demon (summoned), a neqoxec (summoned), a chaos spawn
(summoned), an orc sorcerer and an ufetubus (summoned).

Vanquished Creatures
  A two-headed ogre (D:5)
  Sigmund (D:3)
  Eustachio (D:4)
  Duvessa (D:6)
  7 orc warriors
  2 phantoms
  2 centaurs
  A bullfrog (D:7)
  2 scorpions
  2 necrophages
  Dowan (D:6)
  2 howler monkeys (D:4)
  2 electric eels (Bailey)
  A hound (D:6)
  A jelly (D:6)
  4 gnoll boudas
  5 orc priests
  Natasha (twice) (D:3)
  An iguana (D:6)
  An orc wizard (D:6)
  Robin (D:4)
  23 gnolls
  5 adders
  2 white imps
  An ufetubus (D:5)
  4 dart slugs
  20 orcs
  11 endoplasms
  2 giant cockroaches
  22 goblins
  9 hobgoblins
  6 jackals
  2 quokkas (D:1)
  11 ball pythons
  8 bats
  5 frilled lizards
  10 kobolds
  6 rats
188 creatures vanquished.

Vanquished Creatures (others)
  A hobgoblin (Bailey)
1 creature vanquished.

Grand Total: 189 creatures vanquished

Notes
Turn   | Place    | Note
-------+----------+-------------------------------------------
     0 | D:1      | retardedninja the Hill Orc Fighter began the quest for the
                  | Orb.
     0 | D:1      | Reached XP level 1. HP: 19/19 MP: 1/1
   128 | D:1      | Reached XP level 2. HP: 25/27 MP: 2/2
   340 | D:1      | Reached skill level 3 in Axes
   558 | D:1      | Reached XP level 3. HP: 33/33 MP: 3/3
   588 | D:1      | Found a faded altar of an unknown god.
  1331 | D:2      | Reached XP level 4. HP: 40/40 MP: 4/4
  1502 | D:2      | Reached skill level 4 in Axes
  1731 | D:3      | Noticed Sigmund
  1732 | D:3      | Noticed a phantom
  1743 | D:3      | Killed a phantom
  1744 | D:3      | Reached skill level 5 in Axes
  1744 | D:3      | Reached XP level 5. HP: 5/47 MP: 5/5
  1762 | D:3      | Killed Sigmund
  1763 | D:3      | Reached skill level 6 in Axes
  1763 | D:3      | Reached XP level 6. HP: 28/55 MP: 6/6
  2366 | D:3      | Noticed Natasha
  2376 | D:3      | Killed Natasha
  2377 | D:3      | Reached skill level 5 in Fighting
  2878 | D:3      | Noticed Natasha
  2886 | D:3      | Killed Natasha
  2997 | D:4      | Reached XP level 7. HP: 61/61 MP: 7/7
  3041 | D:4      | Reached skill level 7 in Axes
  3477 | D:4      | Found Nuzes's Antique Armour Shoppe.
  3518 | D:4      | Bought a helmet for 112 gold pieces
  3647 | D:4      | Found a runed translucent door.
  3648 | D:4      | Noticed Crazy Yiuf
  3669 | D:4      | Noticed Eustachio
  3677 | D:4      | Killed Eustachio
  3678 | D:4      | Reached skill level 5 in Armour
  3815 | D:4      | Reached skill level 8 in Axes
  3971 | D:4      | Found a glowing golden altar of the Shining One.
  3973 | D:4      | Found a broken altar of Ashenzari.
  3981 | D:4      | Found a stormy altar of Qazlal.
  4104 | D:4      | Reached XP level 8. HP: 59/70 MP: 8/8
  4424 | D:4      | Noticed Robin
  4431 | D:4      | Reached skill level 9 in Axes
  4443 | D:4      | Killed Robin
  4842 | D:5      | Entered Level 5 of the Dungeon
  4842 | D:5      | Noticed a two-headed ogre
  4852 | D:5      | Killed a two-headed ogre
  4853 | D:5      | Reached skill level 12 in Axes
  4853 | D:5      | Reached skill level 5 in Shields
  5090 | D:5      | Found a transporter.
  5092 | D:5      | Noticed silentkaos13's ghost (novice DsFi)
  5093 | D:5      | Found a transporter.
  5289 | D:5      | Found Beivieli's Antique Armour Emporium.
  5383 | D:5      | Found Aroason's Assorted Antiques.
  5521 | D:6      | Reached XP level 9. HP: 64/75 MP: 9/9
  5636 | D:6      | Reached skill level 13 in Axes
  5689 | D:6      | Noticed Duvessa
  5690 | D:6      | Noticed Dowan
  5704 | D:6      | Killed Dowan
  5719 | D:6      | Killed Duvessa
  7200 | D:6      | Found a burning altar of Makhleb.
  7213 | D:6      | Reached skill level 14 in Axes
  7775 | D:6      | Found a hide-covered altar of Uskayaw.
  8462 | D:7      | Reached skill level 15 in Axes
  8484 | D:7      | Found a flagged portal.
  8496 | Bailey   | Entered a bailey
  9512 | Bailey   | Noticed an orc sorcerer
  9528 | Bailey   | Reached skill level 16 in Axes
  9740 | Bailey   | Found an iron altar of Okawaru.
  9742 | Bailey   | Noticed an orc high priest
  9746 | Bailey   | Noticed a red devil
  9755 | Bailey   | Reached XP level 10. HP: 69/85 MP: 10/10
  9760 | Bailey   | Noticed an orange demon
  9760 | Bailey   | Noticed a sixfirhy
  9773 | Bailey   | Slain by a sixfirhy

Illustrated notes

Levels and vault maps discovered:
D:1:      spicycebolla_green_bress_n_ham_2, layout_loops_corners,
          ebering_ecumenical_altar_sacrificial, minmay_misc_feat_square,
          st_stairs_5, amcnicky_mini_corridor_feature, kennysheep_doodads
D:2:      layout_rooms, chequers_garden
D:3:      layout_basic, minmay_misc_feat_ornament, uniq_sigmund, uniq_natasha
D:4:      layout_loops_cross, minitemple, serial_shops, nicolae_diamond_shop,
          minmay_manual_mullet, uniq_eustachio, uniq_robin,
          uniq_crazy_yiuf_cottage
D:5:      layout_rooms, serial_shops, kennysheep_mini, nicolae_shop_waterfront,
          gammafunk_ghost_arena, nicolae_sextant, minmay_misc_feat_rugged
D:6:      layout_basic, hex_medium, hangedman_feature_mirror, uniq_duvessa
D:7:      layout_cave_pods, nicolae_overflow_hidden_temple, temple_doors_e,
          enter_bailey_3, minmay_crossroads
Bailey:   bailey_axe_of_yendor_kennysheep, bailey

Skill      XL: |  1  2  3  4  5  6  7  8  9 |
---------------+----------------------------+-----
Axes           | 3 5 6 8 12 16 | 16.4
Fighting       | 4 5 6 7 |  7.3
Armour         | 4 5 6 8 |  8.0
Shields        | 4 5 |  5.3
Dodging        | |  0.2

Action                   |  1- 3 |  4- 6 |  7- 9 | 10-12 || total
-------------------------+-------+-------+-------+-------++-------
Melee: War axe           |   104 |    98 |   409 |    11 ||   622
Evoke: Wand              |       |       |       |     5 ||     5
  Use: Potion            |       |     4 |    13 |     2 ||    19
       Scroll            |       |     3 |    10 |       ||    13
Armor: Scale mail        |    72 |    30 |       |       ||   102
       Plate armour      |       |    24 |   187 |       ||   211
       Skin              |       |       |     7 |     8 ||    15
Dodge: Dodged            |    64 |    36 |   103 |       ||   203
Block: Buckler           |    26 |    28 |    77 |     2 ||   133
